 Dungeon Crawl Stone Soup version 0.23.2-33-g5129a83184 (webtiles) character file.

Game seed: 17876201330012530617

839 HEYYEYAAE the Basher (level 7, -13/66 HPs)
             Began as a Troll Berserker on June 29, 2019.
             Was an Elder of Trog.
             Mangled by Prince Ribbit (17 damage)
             ... on level 5 of the Dungeon.
             The game lasted 00:05:23 (4091 turns).

HEYYEYAAE the Basher (Troll Berserker)              Turns: 4091, Time: 00:05:24

Health: -13/66     AC:  7    Str: 28    XL:     7   Next: 67%
Magic:  6/6        EV: 15    Int:  3    God:    Trog [****..]
Gold:   44         SH:  0    Dex: 14    Spells: 6/6 levels left

rFire    . . .     SeeInvis .   v - +2 quarterstaff (chaos)
rCold    . . .     Gourm    +   (shield currently unavailable)
rNeg     . . .     Faith    .   b - +0 animal skin
rPois    .         Spirit   .   (helmet restricted)
rElec    .         Reflect  .   w - +0 cloak
rCorr    .         Harm     .   (gloves unavailable)
MR       .....                  (boots unavailable)
Stlth    ++........             (no amulet)
HPRegen  0.61/turn              (no ring)
MPRegen  0.10/turn              (no ring)

@: agile, hasted, very quick
A: large, unfitting armour, claws 3, fast metabolism 3, gourmand, regeneration
1, shaggy fur 1, tough skin 3
a: Berserk, Trog's Hand, Brothers in Arms, Renounce Religion


You were on level 5 of the Dungeon.
You worshipped Trog.
Trog was greatly pleased with you.
You were completely stuffed.

You visited 1 branch of the dungeon, and saw 5 of its levels.

You collected 314 gold pieces.
You spent 270 gold pieces at shops.

Inventory:

Hand Weapons
 a - a +1 mace
 v - a +2 quarterstaff of chaos (weapon)
Armour
 b - a +0 animal skin (worn)
 w - a +0 cloak (worn)
Jewellery
 k - a +3 ring of strength {unknown}
Wands
 l - a wand of random effects (11)
Scrolls
 d - 2 scrolls of enchant weapon
 e - a scroll of teleportation {unknown}
 f - 3 scrolls of enchant armour
 g - 3 scrolls of remove curse
 o - 2 scrolls of amnesia
 q - a scroll of random uselessness {unknown}
Potions
 h - a potion of might
 j - a potion of haste
 m - 5 potions of curing
 p - a potion of flight
 r - a potion of resistance
 s - a potion of magic
 u - a potion of brilliance {unknown}
Comestibles
 c - 7 rations
 t - 2 chunks of flesh


   Skills:
 - Level 2.4 Fighting
 + Level 8.4 Maces & Flails
 - Level 2.4 Dodging


You had 6 spell levels left.
You didn't know any spells.
Your spell library was empty.

Dungeon Overview and Level Annotations

Branches:
Dungeon (5/15)             Temple (0/1) D:4

Altars:
Vehumet

Shops:
D:5 !

Annotations:
D:5 Prince Ribbit


Innate Abilities, Weirdness & Mutations

You are too large for most types of armour.
You have claws for hands.
Your metabolism is lightning-fast.
You like to eat raw meat.
Your natural rate of healing is unusually fast.
You are covered in fur. (AC +1)
You have extremely tough skin. (AC +3)


Message History

Prince Ribbit barely misses you.
Prince Ribbit blinks!
Prince Ribbit blinks!
You recover from your berserk rage.
Prince Ribbit blinks!
Prince Ribbit blinks!
Prince Ribbit closely misses you. Prince Ribbit misses you.
Prince Ribbit lets out a mournful croak.
Prince Ribbit barely misses you. Prince Ribbit hits you!
* * * LOW HITPOINT WARNING * * *
Prince Ribbit lets out a mournful croak.
There is a stone staircase leading up here.
Evoke which item? (* to show all) (? for menu, Esc to quit)
Aiming: Random Effects
Press: ? - help, Shift-Dir - straight line, f/p - Prince Ribbit
Aim: Prince Ribbit (fast) Prince Ribbit easily resists.
Prince Ribbit hits you!
You die...

#.ยง.. #.... ##### #....
##....### #.... #### ####
###........### #...
...####..######............###...
...............(............#....
...................#####.........
.............(..@.## ##....#...
.............(..F.# #....#...
#.............(...## #....#...
##.................## #...)#...
.###........))......## #........
.# ##................####........
.####.................##.........
............................)....
.................................


You could see Prince Ribbit.

Vanquished Creatures
  A phantom (D:5)
  An ogre (D:5)
  A centaur zombie (D:4)
  Crazy Yiuf (D:5)
  2 orc priests (D:4)
  5 orc wizards
  Terence (D:2)
  Ijyb (D:4)
  An iguana (D:5)
  3 worker ants (D:4)
  2 hound skeletons
  3 gnolls (D:4)
  9 adders
  An adder skeleton (D:4)
  2 worms (D:4)
  3 dart slugs (D:1)
  A leopard gecko (D:3)
  19 orcs
  2 ball pythons
  4 bats
  4 giant cockroaches
  8 goblins
  8 hobgoblins
  11 jackals
  2 frilled lizards
  A jackal zombie (D:5)
  7 kobolds
  7 rats
111 creatures vanquished.

Notes
Turn   | Place    | Note
-------+----------+-------------------------------------------
     0 | D:1      | HEYYEYAAE the Troll Berserker began the quest for the Orb.
     0 | D:1      | Reached XP level 1. HP: 22/22 MP: 0/0
    32 | D:1      | Reached skill level 3 in Maces & Flails
    59 | D:1      | Reached XP level 2. HP: 19/29 MP: 1/1
   467 | D:1      | Reached ** piety under Trog
   472 | D:1      | Reached XP level 3. HP: 35/36 MP: 2/2
   664 | D:2      | Reached skill level 4 in Maces & Flails
   746 | D:2      | Reached XP level 4. HP: 16/44 MP: 3/3
   863 | D:2      | Noticed Terence
   874 | D:2      | Killed Terence
   874 | D:2      | Reached skill level 5 in Maces & Flails
   995 | D:2      | Reached XP level 5. HP: 50/50 MP: 4/4
  1486 | D:3      | Found a radiant altar of Vehumet.
  2076 | D:4      | Found a staircase to the Ecumenical Temple.
  2285 | D:4      | Reached skill level 6 in Maces & Flails
  2352 | D:4      | Reached *** piety under Trog
  2356 | D:4      | Reached XP level 6. HP: 36/59 MP: 5/5
  2625 | D:4      | Noticed Ijyb
  2637 | D:4      | Killed Ijyb
  2816 | D:4      | Reached skill level 7 in Maces & Flails
  3006 | D:5      | Entered Level 5 of the Dungeon
  3334 | D:5      | Found Eraseam's Distillery.
  3345 | D:5      | Bought a potion of heal wounds for 75 gold pieces
  3345 | D:5      | Bought a potion of curing for 45 gold pieces
  3345 | D:5      | Bought a potion of haste for 150 gold pieces
  3681 | D:5      | Reached XP level 7. HP: 39/66 MP: 6/6
  3894 | D:5      | Reached skill level 8 in Maces & Flails
  3906 | D:5      | Reached **** piety under Trog
  4014 | D:5      | Found a runed translucent door.
  4015 | D:5      | Noticed Crazy Yiuf
  4022 | D:5      | Killed Crazy Yiuf
  4049 | D:5      | Noticed Prince Ribbit
  4089 | D:5      | HP: 3/66 [Prince Ribbit (13)]
  4091 | D:5      | Mangled by Prince Ribbit

Skill      XL: |  1  2  3  4  5  6  7 |
---------------+----------------------+-----
Maces & Flails | 3 4 5 6 7 8 |  8.4
Fighting       | |  2.4
Dodging        | |  2.4

Action                   |  1- 3 |  4- 6 |  7- 9 || total
-------------------------+-------+-------+-------++-------
Melee: Mace              |    98 |   275 |    43 ||   416
       Quarterstaff      |       |       |     8 ||     8
Invok: Berserk           |     1 |     5 |     2 ||     8
       Trog's Hand       |     1 |       |       ||     1
Evoke: Wand              |       |     1 |     7 ||     8
  Use: Scroll            |       |     5 |     5 ||    10
       Potion            |       |     2 |     3 ||     5
 Stab: Paralysed         |       |     2 |       ||     2
       Sleeping          |       |     1 |       ||     1
  Eat: Chunk             |    10 |    32 |    10 ||    52
Armor: Animal skin       |    42 |   128 |    42 ||   212
Dodge: Dodged            |    48 |   173 |    60 ||   281
